 Dungeon Crawl Stone Soup version 0.29.1-12-g30fa7ad0bf (webtiles) character file.

Game seed: 8330839055220210442

262 112233 the Grave Robber (level 5, -1/35 HPs)
             Began as a Mummy Necromancer on Dec 22, 2022.
             Slain by a gnoll
             ... wielding a +0 spear
             ... led by a gnoll bouda
              (4 damage)
             ... on level 4 of the Dungeon.
             The game lasted 00:03:18 (2343 turns).

112233 the Grave Robber (Mummy Necromancer)         Turns: 2343, Time: 00:03:19

Health: -1/35      AC:  6    Str: 11    XL:     5   Next: 97%
Magic:  1/9        EV: 12    Int: 16    God:
Gold:   101        SH:  0    Dex: 13    Spells: 5/9 levels left

rFire   x . .      SeeInvis .   i - +2 trident (venom)
rCold   + . .      Faith    .   (no shield)
rNeg    + + +      Spirit   .   a - +0 robe
rPois   ∞          Reflect  .   m - +2 helmet
rElec   .          Harm     .   (no cloak)
rCorr   .          Rampage  .   (no gloves)
Will    .....                   j - +0 pair of boots
Stlth   ++........              (no amulet)
HPRegen 0.11/turn               (no ring)
MPRegen 0.11/turn               (no ring)

@: weakened
A: cold resistance 1, negative energy resistance 3, torment resistance 2, heat
vulnerability 1, in touch with death 1, no potions
a: no special abilities


You were on level 4 of the Dungeon.
You visited 1 branch of the dungeon, and saw 4 of its levels.

You collected 101 gold pieces.

Inventory:

Hand Weapons
 b - a +0 dagger
 d - a +2 dagger of venom
 e - a +1 dagger of venom
 i - a +2 trident of venom (weapon)
Armour
 a - a +0 robe (worn)
 j - a +0 pair of boots (worn)
 l - a +0 helmet
 m - a +2 helmet (worn)
Jewellery
 n - a +4 ring of protection
Scrolls
 g - a scroll of vulnerability
 k - a scroll of magic mapping


   Skills:
 - Level 1.5 Dodging
 - Level 1.5 Stealth
 - Level 2.6 Spellcasting
 + Level 7.3 Necromancy


You had 5 spell levels left.
You knew the following spells:

 Your Spells              Type           Power      Damage    Failure   Level
a - Necrotise             Necr           100%       1d9       1%          1
b - Vampiric Draining     Necr           38%        2d8       3%          3

Your spell library contained the following spells:

 Spells                   Type           Power      Damage    Failure   Level
 Animate Dead             Necr           38%        N/A       10%         4
 Agony                    Necr           38%        N/A       26%         5
 Static Discharge         Conj/Air       2%         3-4/arc   28%         2
 Conjure Flame            Conj/Fire      2%         6-21      50%         3
 Gell's Gravitas          Tloc           2%         N/A       50%         3
 Ignite Poison            Fire/Tmut/Pois 2%         N/A       50%         3
 Lesser Beckoning         Tloc           2%         N/A       50%         3
 Teleport Other           Tloc           2%         N/A       50%         3
 Sticky Flame             Conj/Fire      2%         2d3       88%         4
 Lightning Bolt           Conj/Air       1%         1d12      99%         5
 Maxwell's Capacitive Co  Air            1%         ∞         100%        8


Dungeon Overview and Level Annotations

Branches:
Dungeon (4/15)
 Temple: D:4-7

Altars:

Annotations:
D:3 Ijyb, Jessica, Terence
D:4 exclusion: 2 upstairs


Innate Abilities, Weirdness & Mutations

You are immune to poison.
Your flesh is cold resistant. (rC+)
You are immune to negative energy. (rN+++)
You are immune to unholy pain and torment.
You are vulnerable to heat. (rF-)
You are in touch with the powers of death.
You do not drink.


Message History

You hit the gnoll.
The gnoll is poisoned.
The gnoll is lightly wounded.
The gnoll closely misses you.
The gnoll bouda hits you but does no damage.
The gnoll misses you.
Unknown command.
You barely miss the gnoll.
The gnoll is moderately wounded.
The gnoll bouda gazes fiercely through you!
You feel as though you will be weak longer.
The gnoll bouda hits you with a +0 whip!
The gnoll throws a stone.
The stone hits you but does no damage. The gnoll closely misses you.
You hit the gnoll.
The gnoll looks as sick as possible!
The gnoll is heavily wounded.
You kill the gnoll bouda!
The gnoll throws a stone.
The stone hits you but does no damage. The gnoll hits you with a +0 flail.
* * * LOW HITPOINT WARNING * * *
Unknown command.
You kill the gnoll!
The gnoll hits you with a +0 spear.
* * * LOW HITPOINT WARNING * * *
Casting: Vampiric Draining (dangerous; 3% risk of failure)
Confirm with . or Enter, or press ? or * to list all spells.
Aiming: Vampiric Draining (dangerous; 3% risk of failure)
Press: ? - help, Shift-Dir - straight line, f - gnoll
Aim: a gnoll, wielding a +0 spear and quivering stones (covering ground quickly)
You feel a surge of power!
You draw life force from the gnoll.
You feel life coursing into your body. The gnoll barely misses you.
Unknown command.
You closely miss the gnoll.
The gnoll is heavily wounded.
The gnoll closely misses you. The gnoll hits you with a +0 spear.
* * * LOW HITPOINT WARNING * * *
Unknown command.
You closely miss the gnoll.
The gnoll is heavily wounded.
The gnoll hits you with a +0 spear.
You die...

####.##..........~~~~
#....##.......#~~~~~~
#..........######~≈≈~
#..8.8.8...#....###≈#
#..........#......###
#..8.#.....#####)....
#......##### ###...
##..g### ###### #.)@#
##....# #.).# ##......
##### #....... *******
##.....Z.
****,,,,,**#......#Z
*,,,,,,,,,*.....####
*,,,,,,,,,,.......##
*,,,,,,,,,,.........
****,,,,,⌠,,,,........)


You could see a gnoll (swift).

Vanquished Creatures
  A kobold brigand (D:4)
  A scorpion (D:4)
  A gnoll bouda (D:4)
  3 gnolls (D:4)
  An adder (D:3)
  2 dart slugs
  9 orcs
  2 ball pythons (D:4)
  5 endoplasms
  A giant cockroach (D:4)
  5 goblins
  7 hobgoblins
  2 quokkas
  3 bats (D:2)
  2 frilled lizards
  9 kobolds
  A rat (D:2)
55 creatures vanquished.

Vanquished Creatures (collateral kills)
  2 goblins (D:2)
  A ball python (D:2)
  2 kobolds
5 creatures vanquished.

Grand Total: 60 creatures vanquished

Notes
Turn   | Place    | Note
-------+----------+-------------------------------------------
     0 | D:1      | 112233 the Mummy Necromancer began the quest for the Orb.
     0 | D:1      | Reached XP level 1. HP: 13/13 MP: 4/4
   317 | D:2      | Reached XP level 2. HP: 19/19 MP: 2/5
   796 | D:3      | Reached skill level 5 in Necromancy
   796 | D:3      | Gained mutation: You are in touch with the powers of death.
                  | [Mummy growth]
   796 | D:3      | Reached XP level 3. HP: 24/24 MP: 1/7
   910 | D:3      | Noticed Terence
   918 | D:4      | Noticed a scorpion
   932 | D:3      | Learned a level 3 spell: Vampiric Draining
  1156 | D:3      | Noticed Jessica
  1226 | D:4      | Killed a scorpion
  1227 | D:4      | Reached skill level 6 in Necromancy
  1227 | D:4      | Reached XP level 4. HP: 10/30 MP: 0/8
  1555 | D:3      | Noticed Ijyb
  1557 | D:3      | Paralysed by Ijyb for 4 turns
  1967 | D:4      | Reached XP level 5. HP: 27/35 MP: 5/9
  2287 | D:4      | Reached skill level 7 in Necromancy
  2343 | D:4      | Slain by a gnoll

Illustrated notes

Levels and vault maps discovered:
D:1:      minmay_arrival_nine_rooms, layout_basic,
          hellmonk_ecumenical_altar_dog_temple
D:2:      layout_rooms
D:3:      layout_basic, vehumet_crystals, minmay_cut_off, uniq_ijyb, uniq_robin,
          uniq_jessica, uniq_terence
D:4:      cheibrodos_thug_alley, layout_cave_pods, serial_column_ruins,
          column_ruins_hut_ruined, column_ruins_hut_water,
          column_ruins_open_tiny, column_ruins_open_tiny,
          column_ruins_columns_corner, column_ruins_corridor_dead_end,
          column_ruins_open_large

Skill      XL: |  1  2  3  4  5 |
---------------+----------------+-----
Necromancy     | 5 6 7 |  7.3
Dodging        | |  1.5
Stealth        | |  1.5
Spellcasting   | |  2.6

Action                   |  1- 3 |  4- 6 || total
-------------------------+-------+-------++-------
Melee: Unarmed           |     2 |       ||     2
       Dagger            |     3 |       ||     3
       Trident           |    11 |    19 ||    30
 Cast: Necrotise         |    39 |    23 ||    62
       Vampiric Draining |     2 |     7 ||     9
  Use: Scroll            |       |     5 ||     5
 Stab: Sleeping          |     1 |       ||     1
Armor: Robe              |     5 |     9 ||    14
Dodge: Dodged            |    17 |    18 ||    35
